 Dungeon Crawl Stone Soup version 0.22-a0-618-gd6a3efe (webtiles) character file.

67206 digijack the Severer (level 15, -2/139 HPs)
             Began as a Hill Orc Fighter on July 13, 2018.
             Was the Champion of Beogh.
             Slain by a tyrant leech (30 damage)
             ... on level 5 of the Lair of Beasts.
             The game lasted 03:32:26 (20941 turns).

digijack the Severer (Hill Orc Fighter)            Turns: 20941, Time: 03:32:30

Health: -2/139     AC: 33    Str: 26    XL:     15   Next: 22%
Magic:  28/33      EV:  4    Int:  8    God:    Beogh [******]
Gold:   956        SH: 20    Dex: 16    Spells: 14/14 levels left

rFire    + + +     SeeInvis +   P - +3 hand axe (flame)
rCold    . . .     Gourm    .   C - +0 large shield
rNeg     . . .     Faith    .   E - +2 crystal plate armour
rPois    .         Spirit   .   l - +0 helmet
rElec    +         Reflect  .   K - +2 cloak
rCorr    .         Harm     .   M - +2 pair of gloves
MR       ++...                  (no boots)
Stlth    ..........             m - amulet of the acrobat
HPRegen  0.33/turn              y - ring of Ukawucri {+Fly rF+ Str+2 Dex+2 Stlth+}
MPRegen  0.23/turn              c - ring of Honesty {rElec rF++ MP+9 Slay+3 SInv}

@: no status effects
A: walk on water, hooves 1, fire resistance 1, magic resistance 1, strong 1,
MP-powered wands
a: Smiting, Recall Orcish Followers, Give Item to Named Follower, Resurrection,
Renounce Religion, Evoke Flight


You were on level 5 of the Lair of Beasts.
You worshipped Beogh.
Beogh was exalted by your worship.
You were not hungry.

You visited 3 branches of the dungeon, and saw 22 of its levels.
You also visited: Ossuary, Bailey and Volcano.

You collected 2196 gold pieces.
You spent 1240 gold pieces at shops.

Inventory:

Hand Weapons
 a - a +1 hand axe of electrocution
 t - a +2 demon whip of venom
 B - a cursed -2 arbalest
 N - a +6 war axe
 O - a +1 broad axe of pain
 P - a +3 hand axe of flaming (weapon)
 R - a +5 hand axe of chopping
Missiles
 g - 515 stones (quivered)
Armour
 l - a +0 helmet (worn)
 C - a +0 large shield (worn)
 E - a +2 crystal plate armour (worn)
 K - a +2 cloak (worn)
 L - a +1 cloak of fire resistance
 M - a +2 pair of gloves (worn)
Jewellery
 c - the ring of Honesty (right hand) {rElec rF++ MP+9 Slay+3 SInv}
   (You bought it in a shop on level 2 of the Orcish Mines)

   [ring of see invisible]

   It affects your accuracy and damage with ranged weapons and melee attacks
   (+3).
   It greatly protects you from fire.
   It insulates you from electricity.
   It affects your magic capacity (+9).
   It lets you see invisible.
 m - an amulet of the acrobat (around neck)
 y - the ring of Ukawucri (left hand) {+Fly rF+ Str+2 Dex+2 Stlth+}
   (You found it on level 1 of the Lair of Beasts)

   [ring of flight]

   It affects your strength (+2).
   It affects your dexterity (+2).
   It protects you from fire.
   It lets you fly.
   It makes you more stealthy.
 H - an uncursed ring of resist corrosion
 S - an uncursed ring of protection from cold
Wands
 i - a wand of random effects (24)
 j - a wand of paralysis (38)
 o - a wand of digging (20)
 r - a wand of iceblast (21)
 u - a wand of acid (25)
 v - a wand of scattershot (3)
 D - a wand of flame (22)
 G - a wand of disintegration (4)
 Y - a wand of polymorph (13)
Scrolls
 e - 9 scrolls of identify
 k - 3 scrolls of blinking
 n - 15 scrolls of teleportation
 q - 7 scrolls of remove curse
 s - 3 scrolls of magic mapping
 J - a scroll of holy word
 U - a scroll of amnesia
 V - 2 scrolls of fog
 W - a scroll of fear
Potions
 d - 10 potions of might
 h - a potion of magic
 w - 3 potions of haste
 x - 4 potions of curing
 z - a potion of cancellation
 A - 3 potions of berserk rage
 I - 2 potions of agility
 Z - 4 potions of flight
Miscellaneous
 b - a lightning rod (2/4)
 Q - a lamp of fire (inert)
Comestibles
 f - 40 rations


   Skills:
 + Level 14.5 Fighting
 + Level 15.8 Axes
 + Level 13.6 Armour
 - Level 0.5 Dodging
 - Level 1.0 Stealth
 + Level 13.6 Shields
 + Level 12.3 Invocations


You had 14 spell levels left.
You didn't know any spells.
Your spell library was empty.

Dungeon Overview and Level Annotations

Branches:
Dungeon (15/15)            Temple (0/1) D:4            Lair (5/6) D:8
  Swamp (0/4) Lair:3       Spider (0/4) Lair:4          Orc (2/2) D:12
    Elf (0/3) Orc:2        Vaults (0/5) D:13         Depths (0/5) D:15
  Slime: Lair:5-6

Altars:
Ashenzari
Cheibriados
Dithmenos
Kikubaaqudgha
Qazlal
Ru
Uskayaw
Vehumet
Xom
Yredelemnul
Zin
The Shining One
Beogh

Shops:
D:5 *   D:9 (   D:12 =   D:13 [   Orc:2 =([*

Annotations:
D:7 2 transporters


Innate Abilities, Weirdness & Mutations

You can walk on water.
You have large cloven feet.
Your flesh is heat resistant. (rF+)
You are resistant to hostile enchantments. (MR+)
Your muscles are strong. (Str +2)
You expend magic power (3 MP) to strengthen your wands.


Message History

The swamp worm is engulfed in blazing flames.
Wargath hits the tyrant leech with an enchanted mace!!!
Oreg looks satisfied for a moment.
Evoke which item? (* to show all) (? for menu, Esc to quit)
Aiming: Thunderbolt
Press: ? - help, Shift-Dir - straight line, f/p - tyrant leech
Aim: a tyrant leech (heavily wounded, berserk, fast, unusually strong)
The thunderbolt hits the swamp worm.
The swamp worm is moderately wounded.
The thunderbolt hits the tyrant leech.
The tyrant leech is moderately wounded.
The thunderbolt hits the tyrant leech.
The tyrant leech is severely wounded.
Oreg no longer looks unusually strong.
The tyrant leech barely misses you.
Your orc knight hits the tyrant leech with a flail!!
The tyrant leech dies!
Beogh accepts your kill.
Wargath barely misses the tyrant leech.
The tyrant leech bites you!!
You die...

..≈ ........# ## ...
...#...##.####### ...
≈≈..........#.#...#..
≈≈≈≈...#.............
≈≈oo#≈.............
#######≈o≈#.............
##≈≈†ww#oooo.............
#?.≈§www@ooo.............
##≈≈≈≈w#oooo.............
#######≈ooo(............
≈≈≈≈≈≈oo≈o..............
≈≈≈≈≈≈≈o.o.............o
..P........#####.#...ooo
..#........# #######oo
.......?...# #o.
............ #..


You could see 4 tyrant leeches, 2 swamp worms, 6 friendly orc knights, the
friendly Beowulf the orc knight, the friendly Marbaugh the orc knight, the
friendly Wargath the orc knight, 6 friendly orc warriors, a friendly orc priest,
the friendly Arbolt the orc priest, the friendly Oreg the orc priest, a friendly
orc wizard (invisible) and 3 friendly orcs.

Vanquished Creatures
  An orc warlord (Orc:2)
  A red draconian (Volcano)
  Fannar (Lair:2)
  3 hydras
  3 centaur warriors
  4 two-headed ogres
  2 orc high priests (Orc:2)
  2 death yaks (Lair:4)
  4 slime creatures (D:13)
  A wizard (D:13)
  An obsidian statue (Lair:1)
  An unseen horror (D:10)
  An orc knight (Bailey)
  An oklob plant (D:9)
  3 orc sorcerers (Orc:2)
  A cyclops (Orc:2)
  2 manticores
  A moth of wrath (Lair:5)
  A molten gargoyle (Volcano)
  A torpor snail (Lair:5)
  A gargoyle (D:13)
  2 rime drakes
  A spiny frog (Lair:4)
  3 kobold demonologists
  5 komodo dragons
  2 yaktaurs
  5 trolls
  3 meliai (D:13)
  2 hornets
  2 tyrant leeches (Lair:5)
  8 hippogriffs
  2 dream sheep (Lair:4)
  2 blink frogs
  Sigmund (D:4)
  2 shadows
  6 fire bats (Volcano)
  A basilisk (D:13)
  14 yaks
  7 humans (D:13)
  Eustachio (D:5)
  Grum (Lair:1)
  3 hungry ghosts
  5 vampire mosquitoes
  A steam dragon (D:10)
  A swamp worm (Lair:5)
  5 wargs
  An acid dragon (D:15)
  5 water moccasins
  6 porcupines
  Duvessa (D:7)
  2 eyes of draining
  22 orc warriors
  2 ice beasts
  2 sky beasts
  2 phantoms (D:5)
  2 black bears
  11 ogres
  5 wolves
  20 centaurs
  3 crocodiles
  2 big kobolds (D:8)
  16 bullfrogs
  A wyvern zombie (D:10)
  Dowan (D:7)
  9 scorpions
  7 wights
  2 howler monkeys (D:11)
  5 electric eels
  7 crimson imps
  6 centaur zombies
  A quasit (D:9)
  6 lava snakes (Volcano)
  5 bullfrog zombies
  Crazy Yiuf (D:5)
  5 hounds
  5 jellies
  4 orc priests
  2 bullfrog skeletons
  7 orc wizards
  Natasha (thrice) (D:4)
  4 iguanas
  Ijyb (D:4)
  5 worker ants
  A statue (D:8)
  3 hound zombies (Ossuary)
  2 hound skeletons
  19 mummies
  A howler monkey zombie (Ossuary)
  3 worker ant zombies
  Robin (D:4)
  A howler monkey skeleton (D:4)
  9 adders
  3 shadow imps
  2 adder skeletons (D:7)
  3 adder zombies
  5 worms
  2 dart slugs
  4 leopard geckos
  39 orcs
  3 ball pythons
  9 giant cockroaches
  8 hobgoblins
  4 jackals (D:7)
  24 kobolds
  2 quokkas
  5 bats
  5 frilled lizards
  18 goblins
  2 goblin zombies (D:7)
  A jackal skeleton (D:6)
  2 leopard gecko zombies
  A quokka skeleton (D:4)
  A quokka zombie (Ossuary)
  9 rats
  5 fungi
  9 plants
  A withered plant (Ossuary)
517 creatures vanquished.

Vanquished Creatures (collateral kills)
  An orc warlord (Orc:1)
  A yaktaur captain (D:15)
  Harold (Lair:2)
  A vault guard (D:13)
  A catoblepas (Lair:4)
  2 hydras (D:15)
  A centaur warrior (D:14)
  7 two-headed ogres
  A death knight (D:12)
  Sonja (Lair:1)
  An unseen horror (D:12)
  2 wizards (D:13)
  2 wolf spider zombies
  3 orc knights (Orc:2)
  A manticore (D:12)
  3 orc sorcerers (Orc:2)
  2 cyclopes
  3 elephants (Lair:3)
  2 centaur skeletons
  A kobold demonologist (D:14)
  3 spiny frogs
  A rime drake (Lair:4)
  3 komodo dragons
  5 tyrant leeches (Lair:5)
  A polar bear (Lair:5)
  6 blink frogs
  3 slime creatures (D:15)
  4 dream sheep (Lair:4)
  A hippogriff (D:14)
  6 wyverns
  A water elemental (D:12)
  6 yaks
  13 humans (D:13)
  2 wraiths
  3 vampire mosquitoes
  A hungry ghost (D:12)
  3 swamp worms (Lair:5)
  3 wargs
  A soldier ant (D:13)
  2 porcupines (Lair:3)
  2 water moccasins
  An eye of draining (D:14)
  An ice beast (D:11)
  15 orc warriors
  2 wolves (Lair:2)
  An ogre (Orc:1)
  A centaur (D:11)
  3 crocodiles
  A big kobold (D:14)
  2 bullfrogs
  3 orc wizards
  6 orc priests
  A worker ant zombie (D:11)
  A shadow imp (D:12)
  12 orcs
  3 kobolds (D:14)
  A quokka (D:11)
  A butterfly (Lair:3)
  45 fungi
  57 plants
264 creatures vanquished.

Vanquished Creatures (others)
  3 orc knights
  2 orc sorcerers
  8 orc priests
  11 orc warriors
  2 humans
  2 orc wizards
  45 orcs
  2 fungi (Orc:2)
  6 plants
  A withered plant (Ossuary)
82 creatures vanquished.

Grand Total: 863 creatures vanquished

Notes
Turn   | Place    | Note
-------+----------+-------------------------------------------
     0 | D:1      | digijack the Hill Orc Fighter began the quest for the Orb.
     0 | D:1      | Reached XP level 1. HP: 19/19 MP: 1/1
   278 | D:1      | Reached XP level 2. HP: 27/27 MP: 2/2
   531 | D:1      | Reached skill level 3 in Axes
   643 | D:1      | Reached XP level 3. HP: 33/33 MP: 3/3
  1029 | D:2      | Reached XP level 4. HP: 28/41 MP: 4/4
  1036 | D:2      | Found a shimmering altar of Xom.
  1341 | D:2      | Found a faded altar of an unknown god.
  1544 | D:2      | Found a glowing golden altar of the Shining One.
  2104 | D:4      | Found a snail-covered altar of Cheibriados.
  2121 | D:4      | Reached skill level 4 in Axes
  2153 | D:4      | Reached XP level 5. HP: 46/47 MP: 5/5
  2175 | D:4      | Noticed Ijyb
  2186 | D:4      | Paralysed by Ijyb for 7 turns
  2202 | D:4      | Killed Ijyb
  2239 | D:4      | Reached skill level 5 in Axes
  2283 | D:4      | Reached XP level 6. HP: 46/55 MP: 6/6
  2339 | D:4      | Found a staircase to the Ecumenical Temple.
  2349 | D:4      | Noticed Sigmund
  2360 | D:4      | Killed Sigmund
  2360 | D:4      | Reached skill level 5 in Fighting
  2360 | D:4      | Reached skill level 1 in Stealth
  2544 | D:4      | Reached skill level 6 in Axes
  2544 | D:4      | Reached skill level 5 in Shields
  2544 | D:4      | Reached XP level 7. HP: 37/61 MP: 7/7
  2726 | D:4      | Noticed Natasha
  2734 | D:4      | Killed Natasha
  2810 | D:4      | Found an ancient bone altar of Kikubaaqudgha.
  2819 | D:4      | Noticed a human
  2820 | D:4      | Killed a human
  2924 | D:4      | Noticed Natasha
  2930 | D:4      | Killed Natasha
  2937 | D:4      | Noticed Natasha
  2940 | D:4      | Killed Natasha
  2940 | D:4      | Reached skill level 5 in Armour
  2994 | D:4      | Noticed Robin
  3005 | D:4      | Killed Robin
  3222 | D:5      | Entered Level 5 of the Dungeon
  3338 | D:5      | Found Noprah's Assorted Antiques.
  3364 | D:5      | Bought a scroll labeled KYANURPHE WALE for 30 gold pieces
  3398 | D:5      | Reached XP level 8. HP: 70/70 MP: 8/8
  3450 | D:5      | Reached skill level 7 in Axes
  3513 | D:5      | Noticed Eustachio
  3526 | D:5      | Killed Eustachio
  3731 | D:5      | Reached skill level 8 in Axes
  3981 | D:5      | Found a runed door.
  3985 | D:5      | Noticed Crazy Yiuf
  3991 | D:5      | Killed Crazy Yiuf
  3991 | D:5      | Reached XP level 9. HP: 70/79 MP: 9/9
  4051 | D:6      | Found a shadowy altar of Dithmenos.
  4051 | D:6      | Found a sacrificial altar of Ru.
  4209 | D:6      | Found a stormy altar of Qazlal.
  4633 | D:7      | Found a transporter.
  4634 | D:7      | Found a transporter.
  4657 | D:7      | Noticed an efreet
  4661 | D:7      | Found a glowing silver altar of Zin.
  4666 | D:7      | Noticed a hornet
  4685 | D:7      | Killed a hornet
  4685 | D:7      | Reached skill level 9 in Axes
  4723 | D:7      | Found a shattered altar of Ashenzari.
  4803 | D:7      | Noticed Duvessa
  4803 | D:7      | Noticed Dowan
  4805 | D:7      | Became a worshipper of Beogh the Brigand
  4821 | D:7      | Killed Duvessa
  4837 | D:7      | Killed Dowan
  4852 | D:7      | Found a basalt altar of Yredelemnul.
  4920 | D:7      | Found a sand-covered staircase.
  4929 | Ossuary  | Entered an ossuary
  5001 | Ossuary  | Reached XP level 10. HP: 84/90 MP: 10/10
  5009 | Ossuary  | Reached * piety under Beogh
  5080 | Ossuary  | Gained mutation: You expend magic power (3 MP) to strengthen your wands. [potion of mutation]
  5080 | Ossuary  | Gained mutation: You are dopey. (Int -2) [potion of mutation]
  5080 | Ossuary  | Gained mutation: You possess an exceptional clarity of mind. [potion of mutation]
  5080 | Ossuary  | Gained mutation: You have a pair of small horns on your head. [potion of mutation]
  5081 | Ossuary  | Lost mutation: You are dopey. (Int -2) [potion of mutation]
  5081 | Ossuary  | Lost mutation: You possess an exceptional clarity of mind. [potion of mutation]
  5081 | Ossuary  | Lost mutation: You have a pair of small horns on your head. [potion of mutation]
  5081 | Ossuary  | Gained mutation: You are resistant to hostile enchantments. (MR+) [potion of mutation]
  5081 | Ossuary  | Gained mutation: Your flesh is heat resistant. (rF+) [potion of mutation]
  5081 | Ossuary  | Gained mutation: You have large cloven feet. [potion of mutation]
  5081 | Ossuary  | Gained mutation: Your muscles are strong. (Str +2) [potion of mutation]
  5510 | D:7      | Reached skill level 10 in Axes
  6066 | D:8      | Reached ** piety under Beogh
  6334 | D:8      | Found a radiant altar of Vehumet.
  6557 | D:8      | Found a staircase to the Lair.
  6900 | D:9      | Found a flagged portal.
  6910 | Bailey   | Entered a bailey
  7973 | Bailey   | Noticed an orc knight
  7981 | Bailey   | Reached skill level 10 in Fighting
  7982 | Bailey   | Killed an orc knight
  7982 | Bailey   | Reached skill level 11 in Axes
  8340 | D:9      | Found a hide-covered altar of Uskayaw.
  8340 | D:9      | Noticed an oklob plant
  8377 | D:9      | Found a shattered altar of Ashenzari.
  8409 | D:9      | Reached XP level 11. HP: 100/100 MP: 11/11
  8647 | D:9      | Found Fiwooj Onank's Antique Weapon Emporium.
  8799 | D:9      | Killed an oklob plant
  9091 | D:10     | Entered Level 10 of the Dungeon
  9297 | D:10     | Killed an unseen horror
  9297 | D:10     | Reached *** piety under Beogh
  9393 | D:10     | Reached skill level 10 in Shields
  9525 | D:10     | Reached skill level 1 in Invocations
  9715 | D:11     | Reached skill level 10 in Armour
  9732 | D:11     | Noticed a two-headed ogre
  9740 | D:11     | Killed a two-headed ogre
  9839 | D:11     | Reached skill level 12 in Axes
  9922 | D:11     | Noticed a manticore
  9931 | D:11     | Killed a manticore
 10023 | D:11     | Noticed a two-headed ogre
 10038 | D:11     | Killed a two-headed ogre
 10038 | D:11     | Reached skill level 5 in Invocations
 10039 | D:11     | Reached **** piety under Beogh
 10045 | D:11     | Reached XP level 12. HP: 96/110 MP: 16/16
 10339 | D:12     | Noticed a two-headed ogre
 10341 | D:12     | Killed a two-headed ogre
 10442 | D:12     | Found a staircase to the Orcish Mines.
 10526 | Orc:1    | Entered Level 1 of the Orcish Mines
 10541 | Orc:1    | Noticed an orc warlord
 10556 | Orc:1    | Killed an orc warlord
 10766 | Orc:1    | Found a roughly hewn altar of Beogh.
 10771 | Orc:1    | Noticed a two-headed ogre
 10777 | Orc:1    | Killed a two-headed ogre
 10940 | Orc:1    | Noticed a two-headed ogre
 10948 | Orc:1    | Killed a two-headed ogre
 10970 | Orc:1    | Noticed a two-headed ogre
 10974 | Orc:1    | Killed a two-headed ogre
 11148 | Orc:1    | Found a dark tunnel.
 11156 | Volcano  | Entered a volcano
 11213 | Volcano  | Reached ***** piety under Beogh
 11242 | Volcano  | Reached skill level 13 in Axes
 11283 | Volcano  | Noticed a red draconian
 11301 | Volcano  | Noticed a centaur warrior
 11317 | Volcano  | Killed a red draconian
 11327 | Volcano  | Killed a centaur warrior
 11329 | Volcano  | Found a burning altar of Makhleb.
 11721 | Orc:2    | Entered Level 2 of the Orcish Mines
 11730 | Orc:2    | Noticed an orc warlord
 11731 | Orc:2    | Found Wiosoch's Antique Armour Shoppe.
 11747 | Orc:2    | Gained Jorge as an ally
 11749 | Orc:2    | Killed an orc warlord
 11749 | Orc:2    | Reached XP level 13. HP: 79/119 MP: 15/19
 11752 | Orc:2    | Your ally Jorge died
 12017 | Orc:2    | Found Poybuno's Jewellery Boutique.
 12040 | Orc:2    | Bought the ring of Honesty {rElec rF++ MP+9 Slay+3 SInv} for 936 gold pieces
 12281 | Orc:2    | Found Vouseam's Antique Weapon Shop.
 12289 | Orc:2    | Bought a glowing hand crossbow for 162 gold pieces
 12338 | Orc:2    | Found Holaikel's General Store.
 12392 | Orc:2    | Found a staircase to the Elven Halls.
 12414 | Orc:2    | Bought a scroll of enchant weapon for 112 gold pieces
 12599 | Orc:2    | Gained Gorm as an ally
 12605 | Orc:2    | Found a roughly hewn altar of Beogh.
 13553 | D:12     | Gained Ogrik as an ally
 13553 | D:12     | Reached skill level 14 in Axes
 13832 | D:12     | Found Guitedet's Jewellery Shop.
 14109 | D:13     | Found Gady's Antique Armour Boutique.
 14182 | D:13     | Your ally Ogrik died
 14191 | D:13     | Gained Oreg as an ally
 14248 | D:13     | Reached skill level 10 in Invocations
 14290 | D:13     | Gained Arbolt as an ally
 14567 | D:13     | Gained Marbaugh as an ally
 14674 | D:13     | Found a gate to the Vaults.
 14674 | D:13     | Noticed a vault guard
 14686 | D:13     | Killed a vault guard
 14686 | D:13     | Reached XP level 14. HP: 96/129 MP: 21/21
 15266 | D:13     | Reached ****** piety under Beogh
 15877 | D:14     | Found a basalt altar of Yredelemnul.
 15988 | D:15     | Entered Level 15 of the Dungeon
 16083 | D:15     | Reached skill level 15 in Axes
 16259 | D:15     | Found a staircase to the Depths.
 16371 | D:15     | Found a snail-covered altar of Cheibriados.
 16922 | Lair:1   | Entered Level 1 of the Lair of Beasts
 16966 | Lair:1   | Noticed Sonja
 16975 | Lair:1   | Killed Sonja
 17539 | Lair:1   | Identified the Compendium of Shape Shifting and Companions
 17541 | Lair:1   | Got the ring of Ukawucri {+Fly}
 17589 | Lair:1   | Noticed Grum
 17593 | Lair:1   | Gained Wargath as an ally
 17600 | Lair:1   | Killed Grum
 17964 | Lair:2   | Noticed Fannar
 17970 | Lair:2   | Killed Fannar
 18182 | Lair:2   | Noticed Harold
 18191 | Lair:2   | Killed Harold
 18219 | Lair:2   | Gained Beowulf as an ally
 19113 | Lair:3   | Found a staircase to the Swamp.
 19757 | Lair:4   | Identified the ring of Ukawucri {+Fly rF+ Str+2 Dex+2 Stlth+} (You found it on level 1 of the Lair of Beasts)
 19779 | Lair:4   | Found a hole to the Spider Nest.
 19913 | Lair:4   | Reached XP level 15. HP: 139/139 MP: 24/24
 20930 | Lair:5   | Gained Olfik as an ally
 20931 | Lair:5   | Your ally Olfik died
 20939 | Lair:5   | Your ally Gorm died
 20941 | Lair:5   | Slain by a tyrant leech

Vault maps used:
D:1:      roderic_dead_forest
D:2:      old_standard_altar, nicolae_overflow_hidden_temple,
          chequers_ecumenical_altar_grove, first_ration, minivault_26
D:4:      kennysheep_mini_moat, temple_doors_e, tgw_kikubaaqudgha, uniq_robin,
          uniq_ijyb, uniq_natasha, uniq_sigmund
D:5:      serial_shops, shop, uniq_crazy_yiuf_cottage, uniq_eustachio
D:6:      nicolae_qazlal_eye_of_the_storm, gammafunk_temple_overflow_wave,
          kennysheep_cluttered_room
D:7:      gammafunk_temple_overflow_arena, basic_altar,
          nicolae_ossuary_entry_giza, nicolae_ashenzari_panopticon, uniq_duvessa
D:8:      vehumet_statue, david_lair_shrubbed, blue_anna_alchemist
D:9:      overflow_temple_1_default, serial_shops, shop_fountains,
          enter_bailey_8, lemuel_oklob_altar
D:10:     kennysheep_small_circle
D:12:     erik_orc_2, serial_shops, nicolae_shop_waterfront,
          grunt_decor_one_mirror
D:13:     grunt_vaults_entry_tiered, serial_shops, kennysheep_little_box
D:14:     yredelemnul_altar_generic
D:15:     grunt_enter_depths_snipers, serial_park_square1
Lair:1:   statuecave_lemuel, uniq_grum, uniq_sonja
Lair:2:   serial_bayou_lake_a, uniq_fannar, uniq_harold
Lair:3:   swamp_mist, lemuel_old_faithful, lemuel_fruit_fields
Lair:4:   spider_nest_entry_web_field, beast_lair_carwin_6
Lair:5:   roderic_batcave, worms_lemuel, lemuel_fruit_tree
Orc:1:    lightli_volcano_entry_magma_tube, mines1_david
Orc:2:    grunt_orc_gardens, grunt_orc_garden, grunt_orc_garden,
          grunt_orc_garden, grunt_orc_garden, minmay_orc_temple_c
Ossuary:  ossuary_zaba_flooded
Bailey:   bailey_polearm_2, bailey
Volcano:  volcano_grotto

Skill      XL: |  1  2  3  4  5  6  7  8  9 10 11 12 13 14 |
---------------+-------------------------------------------+-----
Axes           | 3 4 5 6 8 9 11 12 13 14 15 | 15.8
Fighting       | 4 5 6 7 8 10 11 12 13 14 | 14.5
Shields        | 4 5 6 8 9 10 11 12 13 | 13.6
Armour         | 4 5 6 8 9 10 11 12 13 | 13.6
Stealth        | 1 |  1.0
Invocations    | 5 8 10 12 | 12.3
Dodging        | |  0.5

Action                   |  1- 3 |  4- 6 |  7- 9 | 10-12 | 13-15 || total
-------------------------+-------+-------+-------+-------+-------++-------
Melee: War axe           |   108 |   186 |   403 |   652 |    45 ||  1394
       Kick              |       |       |       |   229 |   379 ||   608
       Hand axe          |       |       |       |       |   698 ||   698
Invok: Convert to Beogh  |       |       |     1 |       |       ||     1
       Smiting           |       |       |       |     1 |    10 ||    11
       Recall Orcish Fol |       |       |       |     2 |    29 ||    31
       Give Item to Name |       |       |       |       |     7 ||     7
Evoke: Wand              |       |     1 |     1 |     6 |     3 ||    11
       Lamp of fire      |       |       |       |       |     2 ||     2
       Phantom mirror    |       |       |       |       |     1 ||     1
       Lightning rod     |       |       |       |       |     2 ||     2
  Use: Scroll            |     3 |     4 |     6 |     7 |    13 ||    33
       Potion            |     3 |     1 |     6 |     7 |     5 ||    22
 Stab: Paralysed         |       |     7 |       |       |     1 ||     8
       Distracted        |       |       |       |     7 |     8 ||    15
       Sleeping          |       |       |       |     2 |       ||     2
  Eat: Chunk             |     1 |     4 |    13 |    13 |    31 ||    62
       Ration            |       |       |       |     3 |       ||     3
Armor: Scale mail        |    26 |       |       |       |       ||    26
       Chain mail        |    30 |   120 |       |       |       ||   150
       Ring mail         |       |     3 |   138 |    56 |       ||   197
       Plate armour      |       |       |       |     3 |       ||     3
       Crystal plate arm |       |       |       |   169 |   237 ||   406
Dodge: Dodged            |    23 |    31 |   116 |   204 |   100 ||   474
Block: Shield            |    48 |    85 |   203 |    78 |       ||   414
       Large shield      |       |       |       |   532 |   535 ||  1067

Table legend:
 A = Spawn XP
 B = Non-spawn XP
 C = Spawn XP percentage of total XP
 D = Spawn monster count
 E = Non-spawn monster count
 F = Spawn count percentage of total count
 G = Total turns spent on level
                    A         B        C        D         E        F      G
               +---------+---------+-------+---------+---------+-------+---------
         Total |       0 |   96009 |   0.0 |       0 |     662 |   0.0 | 20941
               +---------+---------+-------+---------+---------+-------+---------
           D:1 |       0 |      39 |   0.0 |       0 |      23 |   0.0 |   867
           D:2 |       0 |      84 |   0.0 |       0 |      28 |   0.0 |   785
           D:3 |       0 |      18 |   0.0 |       0 |      11 |   0.0 |   422
           D:4 |       0 |     879 |   0.0 |       0 |      32 |   0.0 |  1148
           D:5 |       0 |    1363 |   0.0 |       0 |      31 |   0.0 |   801
           D:6 |       0 |     879 |   0.0 |       0 |      15 |   0.0 |   592
           D:7 |       0 |    1299 |   0.0 |       0 |      27 |   0.0 |   711
           D:8 |       0 |    1312 |   0.0 |       0 |      21 |   0.0 |  1111
           D:9 |       0 |     921 |   0.0 |       0 |       8 |   0.0 |  1034
          D:10 |       0 |    2818 |   0.0 |       0 |      22 |   0.0 |   679
          D:11 |       0 |    5798 |   0.0 |       0 |      37 |   0.0 |   617
          D:12 |       0 |    7091 |   0.0 |       0 |      43 |   0.0 |   888
          D:13 |       0 |   16430 |   0.0 |       0 |      76 |   0.0 |  1475
          D:14 |       0 |    4084 |   0.0 |       0 |      21 |   0.0 |   486
          D:15 |       0 |    7579 |   0.0 |       0 |      19 |   0.0 |   780
        Lair:1 |       0 |    4592 |   0.0 |       0 |      16 |   0.0 |  1042
        Lair:2 |       0 |    4897 |   0.0 |       0 |      27 |   0.0 |   833
        Lair:3 |       0 |    2692 |   0.0 |       0 |      15 |   0.0 |   933
        Lair:4 |       0 |    5788 |   0.0 |       0 |      23 |   0.0 |   896
        Lair:5 |       0 |    5037 |   0.0 |       0 |      21 |   0.0 |   315
         Orc:1 |       0 |    4260 |   0.0 |       0 |      21 |   0.0 |   708
         Orc:2 |       0 |   10183 |   0.0 |       0 |      47 |   0.0 |  1540
       Ossuary |       0 |     709 |   0.0 |       0 |      32 |   0.0 |   436
        Bailey |       0 |    2365 |   0.0 |       0 |      26 |   0.0 |  1335
       Volcano |       0 |    4892 |   0.0 |       0 |      20 |   0.0 |   507
               +---------+---------+-------+---------+---------+-------+---------
